 Dungeon Sprint DCSS version 0.27-a0-1139-g28e009f8a6 (webtiles) character file.

Game seed: 872585344596916116

21 Zeld the Shield-Bearer (level 2, -8/23 HPs)
             Began as an Octopode Fighter on May 7, 2021.
             Mangled by Crazy Yiuf
             ... wielding a +3 quarterstaff of chaos
              (16 damage)
             ... in the Dungeon (Sprint III: "The Ten Rune Challenge").
             The game lasted 00:00:29 (170 turns).

Zeld the Shield-Bearer (Octopode Fighter)            Turns: 170, Time: 00:00:31

Health: -8/23      AC:  1    Str: 15    XL:     2   Next: 87%
Magic:  2/2        EV: 11    Int: 10    God:
Gold:   0          SH:  9    Dex: 11    Spells: 1/1 levels left

rFire    . . .     SeeInvis .   a - +0 war axe
rCold    . . .     Faith    .   b - +0 kite shield
rNeg     . . .     Spirit   .   (helmet restricted)
rPois    .         Reflect  .   (no amulet)
rElec    .         Harm     .   (no ring)
rCorr    .         Rampage  .   (no ring)
Will     .....     NoTele   +   (no ring)
Stlth    ++........             (no ring)
HPRegen  0.07/turn              (no ring)
MPRegen  0.08/turn              (no ring)
                                (no ring)
                                (no ring)

@: mighty
A: almost no armour, amphibious, 8 rings, camouflage 1, gelatinous body 1,
(nimble swimmer 1), tentacles
a: no special abilities


You were in the Dungeon.
You visited 1 branch

Inventory:

Hand Weapons
 a - a +0 war axe (weapon)
Armour
 b - a +0 kite shield (worn)
Scrolls
 i - a scroll of blinking
 j - a scroll of amnesia {unknown}
Potions
 d - a potion of curing
 e - a potion of heal wounds
 f - a potion of haste
 g - 2 potions of magic
 h - a potion of berserk rage


   Skills:
 * Level 4.3 Fighting
 * Level 3.6 Axes
 - Level 3.0 Dodging
 * Level 4.3 Shields


You had one spell level left.
You didn't know any spells.
Your spell library was empty.

Dungeon Overview and Level Annotations

Branches:
Dungeon (1/1)

Altars:

Annotations:
D Crazy Yiuf


Innate Abilities, Weirdness & Mutations

You cannot wear most types of armour.
You are amphibious.
You can wear up to eight rings at the same time.
Your skin changes colour to match your surroundings (Stealth+).
Your rubbery body absorbs attacks. (AC +1, EV +1)
((You are camouflaged near water. (Stealth+)))
You have tentacles for arms and can constrict up to eight enemies at once.


Message History

The human closely misses you. The human hits you!
Ouch! That really hurt!
You are too injured to fight recklessly!
You are too injured to fight recklessly!
You are too injured to fight recklessly!
You are too injured to fight recklessly!
You are too injured to fight recklessly!
You are too injured to fight recklessly!
You feel very mighty all of a sudden. The human misses you.
Your shield prevents you from hitting the human.
Your grab misses the human.
The human is moderately wounded.
You block the human's attack. The human closely misses you.
You closely miss the human. Your grab misses the human.
The human is moderately wounded.
You block the human's attack.
You miss the human. Your grab misses the human.
The human is moderately wounded.
The human barely misses you. You block the human's attack.
You closely miss the human. Your grab misses the human.
Your squeeze misses the human.
The human is moderately wounded.
The human hits you. The human closely misses you.
You hit the human. You grab the human. You squeeze the human.
The human is heavily wounded.
You constrict the human, but do no damage.
The human barely misses you.
You slice the human!!
You kill the human!
Your Fighting skill increases to level 4!
Your Axes skill increases to level 3!
Your Shields skill increases to level 4!
You have reached level 2!
Unknown command.
Crazy Yiuf the Enlightened comes into view.
He is wielding a +3 quarterstaff of chaos.
Crazy Yiuf shouts!
Crazy Yiuf hits you with a +3 quarterstaff of chaos!
Ouch! That really hurt!
You die...

▓▓▓▓ ▓▓▓▓▓▓▓ ▓<.#
+.....♣ ▓..#
#..g.♣
▓#'####..@.♣♣
▓.....#....≈♣♣♣
▓†....#...≈≈..♣♣♣
▓.....#..≈≈≈≈♣♣.♣
▓####'#..≈≈≈≈≈≈.♣.
▓(.†..#.≈≈≈≈≈≈....
▓.....#.≈≈≈≈≈.....
▓.....#.≈≈≈.......
▓'#####...........


You could see Crazy Yiuf.

Vanquished Creatures
  A human (D)
  An endoplasm (D)
  3 rats (D)
5 creatures vanquished.

Vanquished Creatures (others)
  2 plants (D)
2 creatures vanquished.

Grand Total: 7 creatures vanquished

Notes
Turn   | Place    | Note
-------+----------+-------------------------------------------
     0 | D        | Zeld the Octopode Fighter began the quest for the Orb.
     0 | D        | Reached XP level 1. HP: 16/16 MP: 1/1
   161 | D        | Reached XP level 2. HP: 7/23 MP: 2/2
   163 | D        | Noticed Crazy Yiuf
   170 | D        | Mangled by Crazy Yiuf

Illustrated notes

Levels and vault maps discovered:
D:        dungeon_sprint_mu [sprint_mu_entry_forest, sprint_mu_temple_rooms,
          sprint_mu_d1_horrors, sprint_mu_d2_genie, sprint_mu_d3_branching,
          sprint_mu_orc_legion, sprint_mu_elf_gauntlet, sprint_mu_hive_nellie,
          sprint_mu_lair_fedhas, sprint_mu_vaults_butterflies,
          sprint_mu_slime_circle, sprint_mu_swamp_cave, sprint_mu_snake_twists,
          sprint_mu_blade_basic, sprint_mu_crypt_chambers,
          sprint_mu_tomb_spiral, sprint_mu_vestibule_basic,
          sprint_mu_gehenna_hellfire, sprint_mu_dis_giant,
          sprint_mu_tartarus_statrot, sprint_mu_cocytus_islands, sprint_mu_zot1]

Skill      XL: |  1 |
---------------+----+-----
Fighting       | 4 |  4.3
Axes           | 3 |  3.6
Shields        | 4 |  4.3
Dodging        | |  3.0

Action                   || total
-------------------------++-------
Melee: War axe           ||    13
       Constrict         ||     3
       Tentacles         ||     2
  Use: Potion            ||     1
 Stab: Sleeping          ||     1
Dodge: Dodged            ||     9
Block: Kite shield       ||     3

Table legend: (Time is in decaauts)
 A = Elapsed time spent in this place.
 B = Non-inter-level travel time spent in this place.
 C = Inter-level travel time spent in this place.
 D = Time resting spent in this place.
 E = Time spent auto-exploring this place.
 F = Levels seen in this place.
 G = Mean time per level.
                   A        B        C        D        E       F      G
               +--------+--------+--------+--------+--------+-----+--------+
         Total |    178 |    178 |      0 |    120 |      0 |   1 |  178.0 |
       Dungeon |    178 |    178 |      0 |    120 |      0 |   1 |  178.0 |
               +--------+--------+--------+--------+--------+-----+--------+

Top non-repeatable levels by time:
       D: 178 daAuts
